 Dungeon Crawl Stone Soup version 0.26-a0-651-gb41185065b (webtiles) character file.

Game seed: 17401690988734430023

136 Irenicus the Chopper (level 4, -4/60 HPs)
             Began as a Deep Dwarf Berserker on Oct 1, 2020.
             Was a Believer of Trog.
             Killed by divine providence
             ... invoked by an orc priest
              (14 damage)
             ... on level 3 of the Dungeon.
             The game lasted 00:07:01 (1110 turns).

Irenicus the Chopper (Deep Dwarf Berserker)         Turns: 1110, Time: 00:07:01

Health: -4/60      AC:  5    Str: 21    XL:     4   Next: 98%
Magic:  4/4        EV: 12    Int:  7    God:    Trog [**....]
Gold:   55         SH:  0    Dex: 13    Spells: 3/3 levels left

rFire    . . .     SeeInvis .   a - +0 hand axe
rCold    . . .     Faith    .   (no shield)
rNeg     . . .     Spirit   .   k - +0 leather armour
rPois    .         Reflect  .   (no helmet)
rElec    .         Harm     .   (no cloak)
rCorr    .         Rampage  .   g - +1 pair of gloves
MR       ++...                  (no boots)
Stlth    ..........             (no amulet)
HPRegen  1.00/turn              d - ring of stealth {Stlth+}
MPRegen  0.09/turn              (no ring)

@: berserking, non-regenerating, very quick
A: damage resistance, heal wounds, sense surroundings 1, no regeneration
a: Heal Wounds, Berserk, Trog's Hand, Renounce Religion


You were on level 3 of the Dungeon.
You worshipped Trog.
Trog was pleased with you.
You visited 1 branch of the dungeon, and saw 3 of its levels.

You collected 55 gold pieces.

Inventory:

Hand Weapons
 a - a +0 hand axe (weapon)
 i - a +0 battleaxe
   (You found it on level 2 of the Dungeon)
Armour
 g - a +1 pair of gloves (worn)
   (You found it on level 1 of the Dungeon)
 k - a +0 leather armour (worn)
   (You took it off an orc on level 2 of the Dungeon)
Jewellery
 d - a ring of stealth (left hand) {Stlth+}
   (You found it on level 1 of the Dungeon)
Scrolls
 c - 2 scrolls of remove curse
 f - a scroll of identify
 h - 2 scrolls of enchant armour
 j - a scroll of immolation {unknown}
 l - a scroll of noise {unknown}
Potions
 e - 2 potions of curing {unknown}


   Skills:
 - Level 2.6 Fighting
 + Level 6.3 Axes
 - Level 2.1 Armour
 - Level 2.1 Dodging


You had 3 spell levels left.
You didn't know any spells.
Your spell library was empty.

Dungeon Overview and Level Annotations

Branches:
Dungeon (3/15)

Altars:
Ashenzari
Xom


Innate Abilities, Weirdness & Mutations

You are resistant to damage.
You can heal yourself by infusing magical energy.
You passively map a small area around you.
You do not regenerate.


Message History

The bat hits you but does no damage. The adder bites you but does no damage.
The frilled lizard bites you.
You now have 17/60 hp.
You closely miss the adder. You slash the frilled lizard!
You kill the frilled lizard!
Trog accepts your kill. The bat misses you. The adder closely misses you.
You slash the adder!
The adder is almost dead.
You slash the bat!
You kill the bat!
Trog accepts your kill.
You feel the effects of Trog's Hand fading.
The adder completely misses you.
You closely miss the adder.
The adder is almost dead.
The adder misses you.
You slash the adder!
You kill the adder!
Trog accepts your kill.
You feel a strong urge to attack something.
h - 2 scrolls of enchant armour (gained 1)
You feel your anger nearly subside.
You are no longer berserk.
You are exhausted.
You feel yourself slow down.
Your skin stops crawling.
You feel less resistant to hostile enchantments.
You now have 15/40 hp.
You enter the shallow water.
Moving in this stuff is going to be slow.
A frilled lizard comes into view.
You feel yourself speed up.
You recover from your berserk rage.
Found a stone staircase leading down.
There is a stone staircase leading down here.
You climb downwards.
A quokka comes into view.
There is a stone staircase leading up here.
The quokka bites you.
You take 1 damage, and have 14/40 hp.
You hit the quokka.
The quokka is severely wounded.
The quokka barely misses you.
You hit the quokka but do no damage.
The quokka is severely wounded.
The quokka bites you but does no damage.
You slash the quokka!
You kill the quokka!
Trog accepts your kill.
An orc opens the door.
An orc wizard comes into view.
It is wielding a +0 dagger. 2 orcs and an orc priest come into view.
An orc is wielding a +1 flail of protection.
The orc priest is wielding a +2 whip of electrocution.
The orc shouts! x2; The orc priest shouts!
You hear a shout!
An orc comes into view. It is wielding a +0 short sword.
The orc priest looks encouraged for a moment.
You hear a shout!
An orc priest comes into view. It is wielding a +0 flail.
An orc comes into view.
It is wielding a +1 dagger of protection.
Okay, then.
Your skin crawls.
You feel resistant to hostile enchantments.
An orc comes into view. It is wielding a +0 whip.
The orc wizard miscasts a cantrip.
The orc hits you but does no damage.
The orc moves out of view.
A red film seems to cover your vision as you go berserk!
You feel yourself moving faster!
You feel mighty!
The orc shouts!
You hear a shout!
The orc barely misses you.
You now have 23/60 hp.
You slash the orc!
You kill the orc!
Trog accepts your kill.
You slash the orc!
You kill the orc!
Trog accepts your kill.
The orc priest looks encouraged for a moment.
You see here a +0 short sword.
You hit the orc but do no damage. The orc misses you.
You hit the orc.
The orc is almost dead.
You slash the orc wizard!
The orc wizard is heavily wounded.
You barely miss the orc wizard.
The orc wizard is heavily wounded.
The orc priest mumbles some strange prayers to Beogh against you.
Beogh smites you!
You take 8 damage, and have 19/60 hp.
You closely miss the orc wizard.
The orc wizard is heavily wounded.
The orc priest calls down the wrath of Beogh upon you.
Beogh smites you!
* * * LOW HITPOINT WARNING * * *
The orc wizard hits you but does no damage.
You take 9 damage, and have 10/60 hp.
You slash the orc wizard!
The orc wizard is almost dead.
The orc priest calls down the wrath of Beogh upon you.
Beogh smites you!
You die...

* * * * * , , * .. ,
,, * * ** #.#* * *
,#. * * #.# *... , *
#.# .... ,* ##.##
*..... *
#####...####o.....
,..........@ooo....,
, *
*####...####oo....
###.## o.... ** , *
##(..## .... #.....#
**^.. #.....# *+# *
* #.<...# ,* *
##...## ##.##


You could see 2 orc priests, an orc wizard and 4 orcs.

Vanquished Creatures
  An orc wizard (D:2)
  3 adders (D:2)
  An ooze (D:2)
  4 worms (D:2)
  5 dart slugs
  2 leopard geckos (D:2)
  5 orcs
  2 giant cockroaches (D:2)
  4 goblins
  8 hobgoblins
  6 kobolds
  A quokka (D:3)
  6 bats
  7 frilled lizards
  4 rats
59 creatures vanquished.

Notes
Turn   | Place    | Note
-------+----------+-------------------------------------------
     0 | D:1      | Irenicus the Deep Dwarf Berserker began the quest for the
                  | Orb.
     0 | D:1      | Reached XP level 1. HP: 20/20 MP: 1/1
   125 | D:1      | HP: 6/30 [dart slug/slug dart (6)]
   128 | D:1      | Reached skill level 4 in Axes
   128 | D:1      | Reached XP level 2. HP: 8/27 MP: 2/2
   284 | D:1      | HP: 4/27 [hobgoblin (1)]
   355 | D:1      | HP: 3/27 [dart slug (1)]
   388 | D:1      | HP: 2/27 [frilled lizard (1)]
   545 | D:2      | Reached XP level 3. HP: 33/33 MP: 3/3
   546 | D:2      | Reached ** piety under Trog
   658 | D:2      | Reached skill level 5 in Axes
   789 | D:2      | Found a broken altar of Ashenzari.
   789 | D:2      | Found a shimmering altar of Xom.
   827 | D:2      | Reached XP level 4. HP: 26/40 MP: 4/4
   914 | D:2      | Reached skill level 6 in Axes
   945 | D:2      | HP: 10/40 [hobgoblin/+0 club (2)]
  1007 | D:2      | Found a faded altar of an unknown god.
  1109 | D:3      | HP: 10/60 [orc priest/divine providence (10)]
  1110 | D:3      | Killed from afar by an orc priest

Illustrated notes

Levels and vault maps discovered:
D:1:      scummos_arrival_forest, layout_loops_cross, minmay_indecisive_spiral
D:2:      layout_loops_cross, nicolae_overflow_hidden_temple,
          chequers_ecumenical_altar_island
D:3:      layout_loops_corners, uniq_ijyb

Skill      XL: |  1  2  3  4 |
---------------+-------------+-----
Axes           | 4 5 6 |  6.3
Fighting       | |  2.6
Armour         | |  2.1
Dodging        | |  2.1

Action                   |  1- 3 |  4- 6 || total
-------------------------+-------+-------++-------
Melee: Hand axe          |   109 |    59 ||   168
Invok: Berserk           |     5 |     3 ||     8
       Trog's Hand       |       |     2 ||     2
  Use: Scroll            |     2 |       ||     2
       Potion            |     1 |       ||     1
 Stab: Sleeping          |     4 |     1 ||     5
Armor: Animal skin       |    27 |     6 ||    33
       Leather armour    |       |    10 ||    10
Dodge: Dodged            |    76 |    34 ||   110

Table legend: (Time is in decaauts)
 A = Elapsed time spent in this place.
 B = Non-inter-level travel time spent in this place.
 C = Inter-level travel time spent in this place.
 D = Time resting spent in this place.
 E = Time spent auto-exploring this place.
 F = Levels seen in this place.
 G = Mean time per level.
                   A        B        C        D        E       F      G
               +--------+--------+--------+--------+--------+-----+--------+
         Total |   1182 |   1182 |      0 |      0 |      0 |   3 |  394.0 |
       Dungeon |   1182 |   1182 |      0 |      0 |      0 |   3 |  394.0 |
               +--------+--------+--------+--------+--------+-----+--------+

Top non-repeatable levels by time:
     D:2: 593 daAuts
     D:1: 571 daAuts
     D:3: 18 daAuts

Table legend:
 A = Kills in this place as a percentage of kills in entire the game.
 B = Kills by you in this place as a percentage of kills by you in the entire game.
 C = Kills by friends in this place as a percentage of kills by friends in the entire game.
 D = Other kills in this place as a percentage of other kills in the entire game.
 E = Experience gained in this place as a percentage of experience gained in the entire game.
 F = Experience gained in this place divided by the number of levels of this place that you have seen.
                   A       B       C       D       E      F
               +-------+-------+-------+-------+-------+----------------------
         Total | 100.0 | 100.0 |   N/A |   N/A | 100.0 |  65.0
       Dungeon | 100.0 | 100.0 |   N/A |   N/A | 100.0 |  65.0
               +-------+-------+-------+-------+-------+----------------------
